 Dungeon Crawl Stone Soup version 0.20-a0-876-g2c7b0bf (webtiles) character file.

23 M4edhros the Grave Robber (level 2, -3/17 HPs)
             Began as an Octopode Necromancer on Mar 15, 2017.
             Shot with a stone by a goblin (5 damage)
             ... led by Robin
             ... on level 2 of the Dungeon.
             The game lasted 00:01:51 (347 turns).

M4edhros the Grave Robber (Octopode Necromancer)     Turns: 347, Time: 00:01:52

Health: -3/17      AC:  1    Str:  7    XL:     2   Next: 95%
Magic:  2/5        EV: 13    Int: 17    God:
Gold:   56         SH:  0    Dex: 14    Spells: 3/5 levels left

rFire    . . .     SeeInvis .     - Unarmed
rCold    . . .     Gourm    .   (no shield)
rNeg     . . .     Faith    .   (helmet restricted)
rPois    .         Spirit   .   g - amulet of inaccuracy (curse)
rElec    .         Reflect  .   c - +2 ring of dexterity
rCorr    .         Harm     .   (no ring)
MR       .....                  (no ring)
Stlth    +++.......             (no ring)
Regen    0.1/turn               (no ring)
MPRegen  0.1/turn               (no ring)
                                (no ring)
                                (no ring)

@: no status effects
A: almost no armour, stealthy swim, amphibious, 8 rings, constrict 8, camouflage
1, gelatinous body 1
a: no special abilities


You were on level 2 of the Dungeon.
You were not hungry.

You visited 1 branch of the dungeon, and saw 2 of its levels.

You collected 56 gold pieces.

Inventory:

Jewellery
 c - a +2 ring of dexterity (left tentacle)
 g - a cursed amulet of inaccuracy (around mantle)
Scrolls
 f - a scroll of fog
Potions
 d - a potion of magic
 e - a potion of curing {unknown}
 i - 2 potions of agility {unknown}
Books
 a - a book of Necromancy

   Spells                             Type                      Level
   a - Pain                           Necromancy                   1
   b - Animate Skeleton               Necromancy                   1
   c - Vampiric Draining              Necromancy                   3
   d - Regeneration                   Charms/Necromancy            3
   e - Animate Dead                   Necromancy                   4
   f - Control Undead                 Necromancy                   4
Comestibles
 b - a bread ration
 h - 2 chunks of flesh


   Skills:
 - Level 2.0 Dodging
 - Level 2.6 Stealth
 + Level 2.4 Unarmed Combat
 - Level 2.0 Spellcasting
 - Level 4.0 Necromancy


You had 3 spell levels left.
You knew the following spells:

 Your Spells              Type           Power        Failure   Level  Hunger
a - Pain                  Necr           ###.         3%          1    #......
b - Animate Skeleton      Necr           N/A          3%          1    #......


Dungeon Overview and Level Annotations

Branches:
Dungeon (2/15)

Altars:


Innate Abilities, Weirdness & Mutations

You cannot wear most types of armour.
You are very stealthy in the water. (Stealth+)
You are amphibious.
You can wear up to eight rings at the same time.
You can use your tentacles to constrict eight enemies at once.
Your skin changes colour to match your surroundings (Stealth+).
Your rubbery body absorbs attacks. (AC +1, EV +1)


Message History

Confirm with . or Enter, or press ? or * to list all spells.
You can't see any susceptible monsters within range! (Use Z to cast anyway.)
You see here an adder corpse.
Memorise Animate Skeleton, consuming 1 spell level and leaving 3?
You start memorising the spell.
You continue memorising.
You finish memorising.
Spell assigned to 'b'.
Casting: Pain
Confirm with . or Enter, or press ? or * to list all spells.
You attempt to give life to the dead...
Before your eyes, flesh is ripped from the corpse!
The dead are slithering!
h - 2 chunks of flesh You swap places.
i - 2 lumpy cyan potions You swap places.
A goblin comes into view. It is wielding a club.
A goblin and a dart slug come into view.
The goblin unwields an uncursed club.
The goblin wields a hunting sling.
The goblin shoots a stone.
The stone hits you.
You die...

.. #.... ... #...
#. .... #..w ## #..
g...##... .## # #.#
.g.....# ..# #.#.#
#....# #.# #.#.#
#..### #.# ...###
#.@.Z####.#####..#.
##.#...............
########.####.....
#..####.##.
##..##<....
##.....##.
##..###.##.
####....#.....
#....##...#†##


You could see a dart slug, 2 goblins and a friendly adder skeleton.

Vanquished Creatures
  An adder (D:2)
  A dart slug (D:2)
  2 goblins (D:2)
  4 hobgoblins (D:1)
  A bat (D:1)
  3 rats (D:1)
12 creatures vanquished.

Notes
Turn   | Place    | Note
-------+----------+-------------------------------------------
     0 | D:1      | M4edhros the Octopode Necromancer began the quest for the Orb.
     0 | D:1      | Reached XP level 1. HP: 11/11 MP: 3/3
   139 | D:1      | Reached skill level 1 in Unarmed Combat
   214 | D:1      | Reached XP level 2. HP: 6/17 MP: 0/5
   326 | D:2      | Learned a level 1 spell: Animate Skeleton
   347 | D:2      | Shot with a stone by a goblin

Vault maps used:
D:1:      evilmike_arrival_hilbert_curve, chequers_big_river
D:2:      lemuel_round_altar, nemelex_altar_shiori, uniq_robin, uniq_terence

Skill      XL: |  1  2 |
---------------+-------+-----
Unarmed Combat | 1 2 |  2.4
Dodging        | |  2.0
Stealth        | |  2.6
Spellcasting   | |  2.0
Necromancy     | |  4.0

Action                   || total
-------------------------++-------
Melee: Unarmed           ||     8
       Constrict         ||     2
       Tentacles         ||     1
 Cast: Pain              ||    20
       Animate Skeleton  ||     1
  Use: Scroll            ||     5
Dodge: Dodged            ||     7
